AoeStats
← EL LEON

Hideout

510192876Analyzed
1v1 RM · 3d ago on Sep 29, 2026· 42m 10s· 2 players
Game mode
Random Map
Map size
Tiny (2 player)
Population
200
Speed
Normal
Resources
Standard
Victory
Conquest
Starting age
Dark Age
Ending age
Imperial Age
RankedLock teamsTeams togetherTeam positionsShared explorationLock speedFull tech treeHidden civsTurbo modeCheats
Victory
Defeat
🇦🇷 Celts · Argentina
1068
+15
🇲🇽 Spanish · Mexico
1048
-15
Sir_ Arlan de Pennetry
10:28 Feudal Age
13:04 Double-Bit Axe
13:13 Gold Mining
14:53 Horse Collar
17:55 Castle Age
17:27 Forging
18:28 Scale Barding Armor
24:33 Loom
25:28 Stone Mining
27:51 Husbandry
32:16 Padded Archer Armor
32:53 Iron Casting
34:55 Imperial Age
32:55 Pikeman
36:00 Guilds
37:32 Chemistry
37:40 Man-at-Arms
39:47 Long Swordsman
EL LEON
1:23 Loom
10:43 Feudal Age
15:20 Castle Age
12:54 Man-at-Arms
16:06 Double-Bit Axe
19:17 Horse Collar
25:36 Gold Mining
25:58 Bow Saw
26:06 Stone Mining
26:52 Wheelbarrow
27:05 Gold Shaft Mining
26:38 Heavy Plow
26:32 Pikeman
33:56 Imperial Age
31:52 Elite Skirmisher
34:42 Forging
34:22 Fletching
35:16 Onager
38:17 Capped Ram
40:20 Iron Casting
39:40 Bodkin Arrow
Connection lost

Rejoining the realm…

Still unreachable

The connection could not be restored.

Session expired

The server has moved on; the page needs a fresh start.